Map: Old Republic LE

Players

HoldTheDoor

  • Race: Protoss Protoss
  • League: Diamond
  • Spawn Location: 1:00

Tholla - Winner!

  • Race: Terran Terran
  • League: Master
  • Spawn Location: 7:00

VOD

Have the link to the VOD?

Description

Time

  • Played on: May 2, 2026, 1:40 p.m.
  • Length: 3:36
Show
View Real Time Build Order
Export as new Build Order

HoldTheDoor Protoss 

Build Orders: 1 Gate Expand 

Get SALT Encoding   

  12  0:00  Probe  
  13  0:12  Probe  
  14  0:18  Pylon  
  14  0:24  Probe  
  15  0:32  Probe  
  15  0:40  Gateway, Probe  
  16  0:49  Assimilator  
  17  0:51  Probe  
  18  1:03  Probe  
  19  1:08  Pylon  
  19  1:15  Probe  
  20  1:27  Probe  
  21  1:37  Nexus  
  21  1:41  Cybernetics Core  
  21  1:42  Probe  
  22  1:49  Assimilator  
  22  1:56  Pylon, Probe  
  23  2:14  Probe  
  24  2:18  Adept  
  26  2:24  Pylon  
  26  2:26  Probe  
  26  2:28  Shield Battery  
  27  2:40  Probe  
  27  2:42  Pylon  
  28  2:48  Sentry  
  30  2:55  Robotics Facility  
  30  2:56  Probe  
  30  2:57  Probe  
  32  3:08  Probe  
  32  3:10  Probe  
  34  3:23  Pylon  
  34  3:24  Shield Battery  
  31  3:36  Gateway  
Show
View Real Time Build Order
Export as new Build Order

Tholla Terran - Winner!

Build Orders:  

Get SALT Encoding   

  12  0:00  SCV  
  13  0:12  SCV  
  14  0:19  Supply Depot  
  14  0:24  SCV  
  15  0:43  Barracks  
  15  0:53  Barracks  
  15  1:07  Barracks  
  15  1:12  SCV  
  16  1:30  Orbital Command  
  16  1:35  Marine  
  17  1:48  Marine  
  18  1:55  Marine  
  18  1:57  SCV  
  18  1:58  Supply Depot  
  18  2:00  Marine  
  21  2:08  Marine  
  21  2:13  Marine  
  22  2:18  Marine  
  23  2:26  Marine  
  24  2:31  Marine  
  24  2:33  Supply Depot, SCV  
  26  2:37  Marine  
  27  2:47  Marine  
  27  2:49  Marine  
  29  2:55  Marine  
  30  3:05  Marine  
  31  3:07  Marine  
  32  3:13  Marine  
Tags
 
Add a new tag
Caveats
  • Supply blocks, unpowered buildings, or Contaminate may cause inaccurate times.
  • Supply counts are checked every 10 seconds.